 Dungeon Crawl Stone Soup version 0.16-a0-4024-g0ecf4ac (console) character file.

43297 mudo the Spear-Bearer (level 13, -2/100 HPs)
             Began as a Vampire Transmuter on Feb 18, 2015.
             Killed from afar by an orc sorcerer (32 damage)
             ... with a bolt of negative energy
             ... on level 4 of the Orcish Mines.
             The game lasted 02:01:40 (22742 turns).

mudo the Spear-Bearer (Vampire Transmuter)         Turns: 22742, Time: 02:01:41

Health: -2/100     AC: 14    Str:  6    XL:     13   Next: 90%
Magic:  34/34      EV: 17    Int: 20    God:    Xom [....*.]
Gold:   1402       SH:  2    Dex: 14    Spells: 5 memorised, 5 levels left

rFire  + + +     SeeInvis +     a - +3 trident (vamp)
rCold  + . .     Clarity  .     z - +1 robe {rC+ rF+}
rNeg   . . .     SustAb   .     (no shield)
rPois  .         Gourm    .     x - +0 helmet
rElec  .         Spirit   .     Z - +2 cloak
rCorr  .         Warding  .     O - +1 pair of gloves
rMut   .         Stasis   .     t - +2 pair of boots
MR     +....                    (no amulet)
Stlth  ++........               k - ring of protection from fire
                                i - ring of magical power

@: regenerating quickly, heavily drained, somewhat resistant to hostile
enchantments, unstealthy
A: bottle blood, claws 1, fangs 3, hooves 2, large bone plates 1, molten scales
1, see invisible, clever 1, deformed body, fire resistance 2, weak 2,
unbreathing
a: Renounce Religion


You were on level 4 of the Orcish Mines.
You worshipped Xom.
You were a beloved toy of Xom.
You were very full.

You visited 4 branches of the dungeon, and saw 24 of its levels.

You collected 1402 gold pieces.


   Skills:
 - Level 8.8(7.3) Fighting
 + Level 14.2(12.5) Polearms
 - Level 10.3(8.8) Dodging
 - Level 7.8(6.4) Unarmed Combat
 - Level 4.0(2.7) Spellcasting
 - Level 3.9(2.6) Necromancy
 - Level 2.1(0.9) Transmutations
 - Level 5.3(3.9) Earth Magic
 - Level 8.3(6.8) Evocations


You had 5 spell levels left.
You knew the following spells:

 Your Spells              Type           Power        Failure   Level  Hunger
b - Stone Arrow           Conj/Erth      ##....       21%         3    ###....
c - Spider Form           Trmt/Pois      #.........   38%         3    ###....
g - Regeneration          Chrm/Necr      #.........   30%         3    ###....
h - Animate Skeleton      Necr           N/A          6%          1    None
n - Lee's Rapid Deconstr  Erth           ###.......   82%         5    ######.


Dungeon Overview and Level Annotations

Branches:
Dungeon (11/15)            Temple (1/1) D:5            Lair (8/8) D:11
  Swamp (0/5) Lair:4       Spider (0/5) Lair:3        Slime (0/6) Lair:7
    Orc (4/4) D:10
    Elf: Orc:3-4

Altars:
Ashenzari
Cheibriados
Dithmenos
Elyvilon
Fedhas
Gozag
Kikubaaqudgha
Makhleb
Nemelex Xobeh
Okawaru
Qazlal
Ru
Sif Muna
Trog
Vehumet
Xom
Yredelemnul
Zin
The Shining One
Beogh

Portals:
Trove: D:10 (give 20 potions of curing)

Annotations:
Lair:1 exclusion: oklob plant
Lair:6 exclusion: oklob plant


Innate Abilities, Weirdness & Mutations

Your natural rate of healing is unusually fast.
You can bottle blood from corpses.
You have razor-sharp teeth.
You have supernaturally acute eyesight.
You can survive without breathing.
You have sharp fingernails.
You have hoof-like feet.
You are partially covered in large bone plates (AC +2, SH +2).
You are partially covered in molten scales (AC +1).
Your mind is acute. (Int +2)
Armour fits poorly on your strangely shaped body.
Your flesh is very heat resistant.
You are very weak. (Str -4)

Inventory:

Hand weapons
 a - a +3 vampiric trident (weapon)
 b - a +1 bardiche of chopping
 c - a +0 glaive
 M - a +2 short sword of distortion {!w}
Missiles
 A - 11 javelins (quivered)
Armour
 t - a +2 pair of boots (worn)
 x - a +0 helmet (worn)
 z - a +1 robe of resistance (worn)
 O - a +1 pair of gloves (worn)
 Z - a +2 cloak (worn)
Jewellery
 i - a ring of magical power (left hand)
 k - a ring of protection from fire (right hand)
 D - an uncursed ring of teleportation
 W - an uncursed ring of teleport control
Magical devices
 d - a wand of cold (6)
 v - a wand of digging (17)
 w - a wand of flame (24)
 F - a wand of digging (18)
 I - a wand of frost (22)
 S - a wand of lightning (7)
 X - a wand of cold (1)
Scrolls
 l - 7 scrolls of identify
 p - a scroll of fear
 r - 7 scrolls of teleportation
 u - 11 scrolls of remove curse
Potions
 f - a potion of agility
 g - 4 potions of might
 j - 5 potions of curing
 n - 2 potions of heal wounds
 q - 2 potions of invisibility
 E - 46 potions of blood {@*1}
 H - 3 potions of berserk rage
 K - 3 potions of cancellation
 T - a potion of ambrosia
 V - a potion of haste
 Y - a potion of brilliance
Miscellaneous
 N - a lamp of fire (inert)


Message History

You draw the orc sorcerer's blood!
You feel better.
You feel slightly more full.
You hit the orc sorcerer.
You feel better.
The orc sorcerer is severely wounded.
The sixfirhy misses you. The sixfirhy hits you. The sixfirhy shocks you!
The orc sorcerer gestures at you while chanting.
The bolt of negative energy hits you!
You feel drained.
You draw the orc sorcerer's blood!
You feel better.
You feel slightly more full.
You hit the orc sorcerer but do no damage.
The orc sorcerer is severely wounded.
The sixfirhy barely misses you.
The sixfirhy hits you but does no damage.
The sixfirhy hits you. The sixfirhy shocks you!
* * * LOW HITPOINT WARNING * * *
You barely miss the orc sorcerer.
The orc sorcerer is severely wounded.
The orc sorcerer's eyes start to glow.
The orc sorcerer points at you and mumbles some strange words.
The bolt of negative energy hits you!
You feel drained.
You die...
Xom thinks this is hilarious!

# ## # .$.## # #
.....# #.# ......##
..# ........## .###
..........### ...#.
............## o....
.........)u).## .....
###.....V[)..## .....
##.....o....# .... ...
#[........##
...<................##
... ...............##
. .............###
.........##.#
#.........###
##.........


You could see a sixfirhy and an orc sorcerer.

Action                   |  1- 3 |  4- 6 |  7- 9 | 10-12 | 13-15 || total
-------------------------+-------+-------+-------+-------+-------++-------
Melee: Unarmed           |   152 |   235 |   104 |       |       ||   491
       Trident           |       |       |   535 |  1836 |  1288 ||  3659
       Bardiche          |       |       |       |     8 |     2 ||    10
Throw: Throwing net      |       |       |     1 |       |       ||     1
       Javelin           |       |       |       |     4 |       ||     4
 Cast: Spider Form       |     2 |    14 |     9 |       |       ||    25
       Beastly Appendage |     1 |       |       |       |       ||     1
       Stone Arrow       |       |       |       |    12 |    44 ||    56
       Lee's Rapid Decon |       |       |       |     1 |       ||     1
       Animate Skeleton  |       |       |       |       |     3 ||     3
 Abil: End Transformatio |       |     1 |     1 |       |       ||     2
       Blink             |       |       |       |     1 |     6 ||     7
       Evoke Teleportati |       |       |       |     1 |     3 ||     4
Evoke: Wand              |       |       |       |    13 |    11 ||    24
       Lamp of fire (ine |       |       |       |     1 |     1 ||     2
  Use: Potion            |       |     1 |     8 |    22 |    22 ||    53
       Scroll            |       |       |    16 |    10 |    12 ||    38
 Stab: Distracted        |       |     1 |       |     3 |     2 ||     6
       Sleeping          |       |       |     2 |     5 |       ||     7
       Invisible         |       |       |       |     5 |       ||     5
       Betrayed ally     |       |       |       |     1 |       ||     1
       Confused          |       |       |       |     8 |     1 ||     9
  Eat: Corpse            |     9 |    17 |    18 |    21 |    10 ||    75

Vault maps used:
D:1:      tarquinn_simple_flora_water_e
D:2:      first_bread, kennysheep_generic_room_2
D:3:      minivault_24
D:5:      black_bear_nest_2, minmay_temple_entry_glassed_door, uniq_menkaure,
          uniq_natasha, uniq_grinder, uniq_blork_the_orc
D:6:      kennysheep_vampire_church, gammafunk_temple_overflow_wave,
          basic_altar, uniq_sigmund
D:7:      nicolae_overflow_hidden_temple
D:8:      corexii_shack_village, old_standard_altar, lemuel_round_altar
D:9:      uniq_maurice
D:10:     zombieorc2_lemuel, enter_trove_0, uniq_harold
D:11:     hangedman_cross_stitches, dpeg_lair_monsters
Temple:   circular_temple_12
Lair:1:   lemuel_oklob_altar
Lair:2:   st_stairs_7
Lair:3:   dummy_spider_entry, serial_bayou_shore_a, serial_bayou_shore_b
Lair:4:   minmay_swamp_entry_reptiles, lemuel_fruit_tree,
          infiniplex_staircase_pool_2, grunt_megastairs_4
Lair:6:   st_stairs_11, minivault_23, serial_bayou_shore_b
Lair:7:   slime_dummy, lab_entry_generic
Lair:8:   evilmike_catoblepas_cave, special_room, st_stairs_8,
          nicolae_lair_yak_garden, serial_bayou_shore_b, lemuel_fruit_fields,
          lemuel_fruit_fields
Orc:2:    cheibrodos_orc_bank
Orc:3:    basic_altar, nicolae_orc_pool_cavern, minmay_orc_barracks
Orc:4:    grunt_orc_gardens, grunt_orc_garden, grunt_orc_garden,
          grunt_orc_garden, grunt_orc_garden, basic_altar

Vanquished Creatures
  4 hydras
  A death yak (Lair:6)
  A fire crab (Lair:8)
  A deep troll (Lair:7)
  A hill giant (D:10)
  3 elephants (Lair:7)
  3 griffons
  Maurice (D:9)
  5 black mambas
  2 gargoyles
  12 spiny frogs
  A troll (Lair:5)
  5 komodo dragons
  2 fire drakes
  Grinder (D:5)
  A two-headed ogre (D:11)
  2 basilisks
  12 blink frogs
  A raven (Lair:6)
  A deep elf mage (D:9)
  A redback (shapeshifter) (D:11)
  38 yaks
  5 hippogriffs
  3 wyverns
  15 wolves
  A warg (Orc:3)
  A hungry ghost (D:10)
  Menkaure (D:5)
  13 orc warriors
  14 water moccasins
  13 porcupines
  4 sky beasts
  A necrophage (D:9)
  A black bear (D:5)
  3 phantoms
  3 ice beasts
  10 ogres
  18 crocodiles
  2 centaurs
  Sigmund (D:6)
  A gnoll sergeant (D:7)
  2 big kobolds
  Blork the orc (D:5)
  19 giant frogs
  A wyvern skeleton (D:11)
  2 scorpions
  2 troll zombies (D:10)
  8 killer bees
  10 wights
  2 vampire bats (D:6)
  7 crimson imps
  A giant frog zombie (D:11)
  3 quasits
  A jelly (D:7)
  2 goliath beetles
  12 iguanas
  12 hounds
  21 orc wizards
  2 centaur zombies
  2 iron imps
  11 orc priests
  Natasha (D:5)
  A gnoll shaman (D:10)
  4 sheep (Lair:4)
  10 worker ants
  A killer bee zombie (D:6)
  5 ogre zombies (D:10)
  A hound skeleton (D:4)
  A hound zombie (D:7)
  A mummy (D:9)
  23 gnolls
  51 river rats
  27 adders
  4 shadow imps
  2 giant mites
  3 worms
  2 ufetubi (Lair:6)
  A white imp (Lair:6)
  7 giant geckos
  3 oozes
  92 orcs
  A bat skeleton (D:6)
  3 bat zombies (D:6)
  5 giant cockroaches
  27 goblins
  21 hobgoblins
  21 jackals
  16 quokkas
  14 bats
  A giant gecko skeleton (D:4)
  13 giant newts
  A goblin skeleton (D:10)
  4 goblin zombies (D:10)
  2 hobgoblin skeletons (D:10)
  A hobgoblin zombie (D:10)
  16 kobolds
  3 orc skeletons (D:10)
  15 orc zombies
  A quokka skeleton (D:5)
  18 rats
  A plant (Lair:1)
754 creatures vanquished.

Vanquished Creatures (collateral kills)
  Harold (D:10)
  An orc high priest (Orc:3)
  2 orc sorcerers
  A hill giant (D:11)
  A griffon (Lair:2)
  An orc knight (Orc:3)
  A cyclops (D:11)
  A boulder beetle (Lair:7)
  A shadow (D:11)
  A wyvern (D:11)
  3 yaks
  A hippogriff (Lair:2)
  A warg (Orc:3)
  A wolf (Lair:1)
  2 orc warriors (Orc:3)
  3 killer bees (D:11)
  An orc (D:10)
  A hobgoblin (D:11)
24 creatures vanquished.

Vanquished Creatures (others)
  A manticore (Lair:6)
  A troll (D:10)
  A fire elemental (Lair:7)
  A blink frog skeleton (Lair:7)
  A centaur (D:10)
  A water moccasin skeleton (Lair:8)
  5 quasits
  A crocodile skeleton (Lair:7)
  2 shadow imps (Lair:7)
  A white imp (D:10)
  15 fungi
30 creatures vanquished.

Grand Total: 808 creatures vanquished

Table legend:
 A = Kills in this place as a percentage of kills in entire the game.
 B = Kills by you in this place as a percentage of kills by you in the entire game.
 C = Kills by friends in this place as a percentage of kills by friends in the entire game.
 D = Other kills in this place as a percentage of other kills in the entire game.
 E = Experience gained in this place as a percentage of experience gained in the entire game.
 F = Experience gained in this place divided by the number of levels of this place that you have seen.
                   A       B       C       D       E      F
               +-------+-------+-------+-------+-------+----------------------
         Total | 100.0 | 100.0 | 100.0 |  -nan | 100.0 | 2577.2
       Dungeon |  54.6 |  55.1 |  39.1 |  -nan |  26.2 | 1472.8
          Lair |  33.6 |  33.7 |  30.4 |  -nan |  66.3 | 5122.9
  Orcish Mines |  11.8 |  11.2 |  30.4 |  -nan |   7.5 | 1167.2
               +-------+-------+-------+-------+-------+----------------------

Table legend:
 A = Turns spent in this place as a percentage of turns spent in the entire game.
 B = Non-inter-level travel turns spent in this place as a percentage of non-inter-level travel turns spent in the entire game.
 C = Inter-level travel turns spent in this place as a percentage of turns spent in this place.
 D = Turns resting spent in this place as a percentage of non-inter-level travel turns spent in this place.
 E = Turns spent auto-exploring this place as a percentage of non-inter-level travel turns spent in this place.
 F = Non-inter-level travel turns spent in this place divided by the number of levels of this place that you've seen.
                   A       B       C       D       E      F
               +-------+-------+-------+-------+-------+----------------------
         Total | 100.0 | 100.0 |   0.4 |   1.5 |   6.7 | 424.7
       Dungeon |  46.2 |  46.2 |   0.4 |   1.5 |   8.5 | 428.3
        Temple |   0.5 |   0.5 |   3.6 |   0.0 |  22.2 |  54.0
          Lair |  44.4 |  44.4 |   0.4 |   1.8 |   5.0 | 565.5
  Orcish Mines |   8.9 |   8.9 |   0.8 |   0.7 |   4.7 | 225.8
               +-------+-------+-------+-------+-------+----------------------

Notes
Turn   | Place    | Note
--------------------------------------------------------------
     0 | D:1      | mudo, the Vampire Transmuter, began the quest for the Orb.
     0 | D:1      | Reached XP level 1. HP: 14/14 MP: 3/3
   178 | D:1      | Reached XP level 2. HP: 15/20 MP: 4/4
   179 | D:1      | Reached skill level 4 in Unarmed Combat
   511 | D:1      | Reached XP level 3. HP: 25/25 MP: 6/6
   779 | D:2      | Reached skill level 5 in Unarmed Combat
   786 | D:2      | Learned a level 3 spell: Spider Form
   953 | D:2      | Reached XP level 4. HP: 23/31 MP: 6/7
  1325 | D:2      | Reached skill level 6 in Unarmed Combat
  1509 | D:2      | HP: 6/31 [something (10)]
  1514 | D:2      | HP: 6/31 [adder (4)]
  1520 | D:2      | HP: 4/31 [poisoned by an adder]
  1793 | D:2      | Reached XP level 5. HP: 36/36 MP: 9/9
  2354 | D:3      | Reached skill level 7 in Unarmed Combat
  2650 | D:3      | Reached XP level 6. HP: 42/42 MP: 10/10
  2671 | D:3      | Reached skill level 1 in Fighting
  3042 | D:4      | Reached skill level 3 in Dodging
  3072 | D:4      | Reached skill level 2 in Fighting
  3125 | D:4      | Reached skill level 4 in Dodging
  3125 | D:4      | Reached XP level 7. HP: 43/51 MP: 12/12
  3184 | D:4      | Reached skill level 3 in Fighting
  3574 | D:5      | Entered Level 5 of the Dungeon
  3585 | D:5      | Noticed Grinder
  3609 | D:5      | Killed Grinder
  3609 | D:5      | Reached skill level 4 in Fighting
  3609 | D:5      | Reached skill level 5 in Dodging
  3955 | D:5      | Reached XP level 8. HP: 59/61 MP: 13/13
  3970 | D:5      | Noticed Menkaure
  3980 | D:5      | Reached skill level 6 in Dodging
  3985 | D:5      | Killed Menkaure
  4046 | D:5      | Reached skill level 5 in Fighting
  4091 | D:5      | Noticed Blork the orc
  4106 | D:5      | Killed Blork the orc
  4138 | D:5      | Found a staircase to the Ecumenical Temple.
  4151 | Temple   | Entered the Ecumenical Temple
  4286 | Temple   | Became a worshipper of Xom of Chaos
  4391 | D:5      | XOM: harmless Chrm miscast
  4415 | D:5      | Reached skill level 1 in Polearms
  4537 | D:5      | Noticed Natasha
  4547 | D:5      | Killed Natasha
  4547 | D:5      | Reached skill level 2 in Polearms
  4660 | D:6      | Found a burning altar of Makhleb.
  4827 | D:6      | Reached skill level 3 in Polearms
  4876 | D:6      | Found an ancient bone altar of Kikubaaqudgha.
  4952 | D:6      | Reached skill level 4 in Polearms
  5062 | D:6      | Noticed Sigmund
  5131 | D:6      | XOM: potion effect (might)
  5143 | D:6      | Reached skill level 5 in Polearms
  5143 | D:6      | Reached XP level 9. HP: 54/68 MP: 14/14
  5168 | D:6      | Killed Sigmund
  5338 | D:6      | Found a snail-covered altar of Cheibriados.
  5338 | D:6      | Found a glowing golden altar of the Shining One.
  5431 | D:6      | XOM: colour smoke trail
  5450 | D:7      | XOM: stealth player
  5468 | D:7      | XOM: divination: magic mapping
  5525 | D:7      | Found a shadowy altar of Dithmenos.
  5527 | D:7      | Found a white marble altar of Elyvilon.
  5748 | D:7      | XOM: divination: magic mapping
  5768 | D:7      | Reached skill level 6 in Polearms
  5899 | D:7      | XOM: confuse monster(s)
  5919 | D:7      | XOM: smoke on damage
  5976 | D:7      | Reached skill level 7 in Polearms
  5987 | D:7      | XOM: noise
  6026 | D:7      | XOM is BORED!
  6026 | D:7      | XOM: noise
  6033 | D:7      | XOM: silly message
  6799 | D:7      | Gained mutation: Your spells are a little harder to cast, but a little more powerful. [potion of mutation]
  6799 | D:7      | Gained mutation: You are weak. (Str -2) [potion of mutation]
  6800 | D:7      | Gained mutation: You have large cloven feet. [potion of mutation]
  6800 | D:7      | Gained mutation: You can spit poison. [potion of mutation]
  6800 | D:7      | Gained mutation: You are partially covered in molten scales (AC +1). [potion of mutation]
  6801 | D:7      | Lost mutation: You have large cloven feet. [potion of mutation]
  6801 | D:7      | Gained mutation: Your flesh is heat resistant. [potion of mutation]
  6801 | D:7      | Gained mutation: You have large cloven feet. [potion of mutation]
  6815 | D:8      | XOM: confuse monster(s)
  6827 | D:7      | XOM: enchant monster (good)
  6910 | D:8      | Found a radiant altar of Vehumet.
  6928 | D:7      | Reached skill level 8 in Polearms
  7052 | D:8      | XOM: harmless Trmt miscast
  7083 | D:8      | XOM: potion effect (haste)
  7125 | D:8      | XOM: enchant monster (good)
  7201 | D:8      | Found a burning altar of Makhleb.
  7209 | D:8      | Reached skill level 9 in Polearms
  7293 | D:8      | XOM: mild Summ miscast
  7454 | D:8      | Reached XP level 10. HP: 74/74 MP: 16/16
  7539 | D:8      | XOM: god gift: 9 stones
  7656 | D:9      | Noticed Maurice
  7741 | D:9      | XOM: enchant monster (bad)
  7907 | D:9      | Reached skill level 10 in Polearms
  8028 | D:9      | Killed Maurice
  8223 | D:9      | XOM: swap monsters
  8296 | D:9      | XOM: god gift: throwing net
  8388 | D:9      | XOM: god gift: scroll of teleportation
  8471 | D:10     | Entered Level 10 of the Dungeon
  8471 | D:10     | Noticed Harold
  8509 | D:9      | XOM: divination: detect creatures
  8658 | D:10     | XOM: summons 2 friendly demons
  8663 | D:10     | XOM: enchant monster (good)
  8665 | D:10     | XOM: enchant monster (good)
  8699 | D:10     | XOM: 2-stop teleportation journey
  8712 | D:10     | Reached skill level 11 in Polearms
  8766 | D:10     | XOM: swap monsters
  8838 | D:10     | XOM: medium Conj miscast
  8863 | D:10     | HP: 14/74 [orc warrior/war axe (24)]
  8868 | D:10     | HP: 13/74 [poisoned by an orc]
  9059 | D:10     | XOM: divine lightning (protected)
  9215 | D:10     | Found a staircase to the Orcish Mines.
  9366 | D:10     | XOM: fake destruction
  9443 | D:10     | Found a portal to a secret trove of treasure.
  9459 | D:10     | XOM: enchant monster (bad)
  9470 | D:10     | XOM: butterfly on damage
  9493 | D:10     | XOM: silly message
  9528 | D:10     | XOM: divination: detect creatures
  9543 | D:10     | XOM: noise
  9573 | D:10     | Learned a level 3 spell: Stone Arrow
  9757 | D:10     | XOM: enchant monster (good)
  9765 | D:10     | XOM: summons friendly crimson imp
  9771 | D:10     | Killed Harold
  9771 | D:10     | Reached skill level 1 in Earth Magic
  9771 | D:10     | Reached skill level 1 in Evocations
  9864 | D:10     | XOM: god gift: scroll of teleportation
 10159 | D:11     | Reached skill level 2 in Evocations
 10159 | D:11     | Reached XP level 11. HP: 79/79 MP: 18/18
 10199 | D:11     | XOM: god gift: 9 potions of blood
 10217 | D:11     | XOM: swap monsters
 10253 | D:11     | Reached skill level 2 in Earth Magic
 10266 | D:11     | Noticed a hill giant
 10299 | D:11     | Noticed a hill giant
 10339 | D:10     | Killed a hill giant
 10339 | D:10     | Reached skill level 3 in Spellcasting
 10370 | D:11     | XOM: confuse monster(s)
 10407 | D:11     | XOM: divination: detect creatures
 10412 | D:11     | XOM: give mutation
 10412 | D:11     | Gained mutation: You can translocate small distances at will. [Xom's grace]
 10440 | D:11     | Reached skill level 3 in Evocations
 10482 | D:11     | Reached skill level 3 in Earth Magic
 10536 | D:11     | Noticed a cyclops
 10556 | D:11     | Killed a cyclops
 10582 | D:11     | XOM is BORED!
 10582 | D:11     | XOM: give mutation
 10582 | D:11     | Lost mutation: You can spit poison. [Xom's mischief]
 10585 | D:11     | Got a crude war axe
 10684 | D:11     | XOM: summons 1 hostile demon
 10705 | D:11     | XOM: potion effect (agility)
 10712 | D:11     | XOM: potion effect (berserk rage)
 10713 | D:11     | XOM: god gift: 32 gold pieces
 10725 | D:11     | XOM: mild Air miscast
 10737 | D:11     | Reached skill level 4 in Evocations
 10745 | D:11     | XOM: mild Hex miscast
 10837 | D:11     | Found a staircase to the Lair.
 10882 | D:11     | Reached skill level 4 in Earth Magic
 10890 | D:11     | Reached skill level 4 in Spellcasting
 10939 | D:11     | Killed a hill giant
 11040 | D:11     | Noticed an anubis guard
 11041 | D:11     | uhh?
 11057 | Lair:1   | Entered Level 1 of the Lair of Beasts
 11057 | Lair:1   | Found a stormy altar of Qazlal.
 11103 | Lair:1   | XOM: enchant monster (good)
 11205 | Lair:1   | Reached skill level 7 in Dodging
 11209 | Lair:1   | HP: 10/81 [wolf (8)]
 11211 | Lair:1   | oh
 11213 | Lair:1   | XOM: confuse monster(s)
 11215 | Lair:1   | XOM: summons friendly iron imp
 11216 | Lair:1   | XOM: confuse monster(s)
 11240 | Lair:1   | XOM: blink monster(s)
 11241 | Lair:1   | XOM: potion effect (brilliance)
 11268 | Lair:1   | Reached skill level 6 in Fighting
 11285 | Lair:1   | Learned a level 5 spell: Lee's Rapid Deconstruction
 11387 | Lair:1   | XOM: divination: detect items
 11439 | Lair:1   | XOM: harmless Hex miscast
 11706 | Lair:1   | XOM: 9-stop teleportation journey
 11769 | Lair:1   | Reached skill level 8 in Dodging
 11886 | Lair:1   | Identified a scroll of acquirement
 12321 | Lair:2   | XOM: divination: detect creatures
 12335 | Lair:2   | XOM: divination: magic mapping
 12354 | Lair:2   | XOM: divine lightning
 12383 | Lair:2   | XOM: god gift: bread ration
 12527 | Lair:2   | XOM: cast spell 'Summon Horrible Things'
 12530 | Lair:2   | Reached skill level 7 in Fighting
 12556 | Lair:2   | XOM: smoke on damage
 12708 | Lair:2   | XOM: summons friendly quasit
 12912 | Lair:2   | Reached skill level 12 in Polearms
 12917 | Lair:2   | Reached XP level 12. HP: 91/91 MP: 22/22
 13130 | Lair:2   | XOM: colour smoke trail
 13316 | Lair:3   | Found a hole to the Spider Nest.
 13332 | Lair:3   | XOM: silly message
 13355 | Lair:1   | XOM: divination: detect creatures
 13376 | Lair:2   | XOM: cast spell 'Summon Butterflies'
 13631 | Lair:3   | XOM: god gift: mace {god gift}
 13632 | Lair:3   | XOM: vitrification
 13688 | Lair:3   | Reached skill level 9 in Dodging
 13914 | Lair:3   | XOM: noise
 13955 | Lair:3   | XOM is BORED!
 13955 | Lair:3   | XOM: mild Necr miscast
 14023 | Lair:3   | XOM: mild Conj miscast
 14187 | Lair:3   | XOM: cast spell 'Dispersal'
 14265 | Lair:4   | XOM: 1-stop teleportation journey
 14716 | Lair:4   | XOM: mild Summ miscast
 14721 | Lair:4   | XOM: enchant monster (bad)
 14727 | Lair:4   | XOM: blink monster(s)
 14731 | Lair:4   | XOM: noise
 14750 | Lair:4   | XOM: polymorph wolf -> giant frog
 14805 | Lair:4   | XOM: divination: detect items
 14992 | Lair:4   | XOM: noise
 15062 | Lair:4   | Found a staircase to the Swamp.
 15064 | Lair:4   | XOM: harmless Fire miscast
 15078 | Lair:4   | Noticed a six-headed hydra
 15080 | Lair:4   | XOM: potion effect (curing)
 15090 | Lair:4   | XOM: harmless Conj miscast
 15098 | Lair:4   | HP: 18/92 [six-headed hydra (5)]
 15103 | Lair:4   | Killed a six-headed hydra
 15103 | Lair:4   | Reached skill level 5 in Evocations
 15139 | Lair:4   | Reached skill level 8 in Fighting
 15239 | Lair:4   | XOM: potion effect (brilliance)
 15248 | Lair:4   | XOM: potion effect (berserk rage)
 15266 | Lair:4   | XOM: confuse monster(s)
 15439 | Lair:4   | XOM: divination: detect creatures
 15445 | Lair:4   | XOM: smoke on damage
 15654 | Lair:4   | XOM: harmless Trmt miscast
 15795 | Lair:4   | Noticed a four-headed hydra
 15798 | Lair:4   | ok
 15818 | Lair:4   | Killed a four-headed hydra
 15818 | Lair:4   | Reached skill level 10 in Dodging
 15888 | Lair:4   | XOM: divination: detect creatures
 16074 | Lair:5   | Noticed a five-headed hydra
 16078 | Lair:5   | Reached skill level 6 in Evocations
 16080 | Lair:5   | XOM: cast spell 'Metabolic Englaciation'
 16086 | Lair:5   | Killed a five-headed hydra
 16148 | Lair:5   | XOM: chaos cloud
 16161 | Lair:5   | XOM: summons friendly ufetubus
 16174 | Lair:4   | XOM: cast spell 'Warp Weapon'
 16181 | Lair:4   | XOM: confuse monster(s)
 16267 | Lair:4   | XOM: confusion
 16270 | Lair:4   | XOM: repel stairs
 16332 | Lair:4   | XOM: mild Divn miscast
 16361 | Lair:5   | XOM: enchant monster (bad)
 16386 | Lair:5   | XOM: harmless Erth miscast
 16403 | Lair:5   | XOM: summons 3 hostile shadow creatures
 16591 | Lair:5   | XOM: blink monster(s)
 16598 | Lair:5   | XOM: give mutation
 16598 | Lair:5   | Gained mutation: You are very weak. (Str -4) [Xom's mischief]
 16612 | Lair:5   | Lost mutation: Your spells are a little harder to cast, but a little more powerful. [potion of mutation]
 16612 | Lair:5   | Gained mutation: You evolve. [potion of mutation]
 16612 | Lair:5   | XOM: smoke on damage
 16753 | Lair:5   | XOM: stat loss: -1 Int (17/18)
 16783 | Lair:5   | XOM: mild Ice miscast
 16822 | Lair:5   | XOM: enchant monster (bad)
 16827 | Lair:5   | Reached XP level 13. HP: 73/100 MP: 23/23
 17104 | Lair:5   | XOM: give mutation
 17104 | Lair:5   | XOM: fog
 17151 | Lair:6   | XOM: confusion
 17161 | Lair:6   | XOM: summons 5 hostile shadow creatures
 17344 | Lair:6   | XOM: silly message
 17551 | Lair:6   | XOM: blink monster(s)
 17552 | Lair:6   | XOM: polymorph blink frog -> raven
 17575 | Lair:6   | XOM: smoke on damage
 17593 | Lair:6   | XOM: cast spell 'Monstrous Menagerie'
 17599 | Lair:6   | Reached skill level 13 in Polearms
 17627 | Lair:6   | XOM: enchant monster (good)
 17636 | Lair:6   | Reached skill level 7 in Evocations
 17643 | Lair:6   | XOM: give mutations
 17643 | Lair:6   | Lost mutation: You evolve. [Xom's mischief]
 17643 | Lair:6   | Lost mutation: You are very weak. (Str -4) [Xom's mischief]
 17644 | Lair:6   | xom :(
 17753 | Lair:6   | XOM: noise
 17792 | Lair:6   | XOM: blink monster(s)
 17802 | Lair:6   | XOM: give mutation
 17802 | Lair:6   | Gained mutation: Your spells are a little easier to cast, but a little less powerful. [Xom's mischief]
 17810 | Lair:6   | HP: 6/100 [death yak (19)]
 17817 | Lair:6   | Reached skill level 5 in Earth Magic
 17899 | Lair:6   | XOM: 1-stop teleportation journey
 17936 | Lair:6   | XOM: summons 4 hostile demons
 18115 | Lair:6   | XOM: silly message
 18241 | Lair:6   | Gained mutation: Your flesh is very heat resistant. [potion of mutation]
 18241 | Lair:6   | Gained mutation: You are partially covered in large bone plates (AC +2, SH +2). [potion of mutation]
 18283 | Lair:6   | XOM: mild Necr miscast
 18419 | Lair:7   | Found a labyrinth entrance.
 18423 | Lair:7   | o k
 18483 | Lair:7   | Got a warped helmet
 18489 | Lair:7   | Identified the +0 helmet "Kucsimem" {rN+ MR- Str+2} (You found it on level 7 of the Lair of Beasts)
 18536 | Lair:7   | XOM: severe Chrm miscast
 18553 | Lair:7   | XOM: mild Trmt miscast
 18563 | Lair:7   | Learned a level 1 spell: Animate Skeleton
 18567 | Lair:7   | Learned a level 3 spell: Regeneration
 18667 | Lair:7   | Reached skill level 1 in Necromancy
 18769 | Lair:7   | XOM: give mutations
 18769 | Lair:7   | Lost mutation: Your spells are a little easier to cast, but a little less powerful. [Xom's mischief]
 18769 | Lair:7   | Gained mutation: Your mind is acute. (Int +2) [Xom's mischief]
 18769 | Lair:7   | Gained mutation: You have sharp fingernails. [Xom's mischief]
 18774 | Lair:7   | XOM: draining
 18791 | Lair:7   | XOM: confusion (+ monsters)
 18833 | Lair:7   | XOM: silly message
 18862 | Lair:7   | XOM: silly message
 18864 | Lair:7   | HP: 19/100 [blink frog (11)]
 18865 | Lair:7   | XOM: blink monster(s)
 18877 | Lair:7   | Reached skill level 2 in Necromancy
 18929 | Lair:7   | XOM: summons 7 friendly demons
 18932 | Lair:7   | XOM: chaos cloud
 19016 | Lair:6   | XOM: mild Summ miscast
 19125 | Lair:6   | XOM: torment (50/100 hp)
 19283 | Lair:7   | HP: 14/100 [spiny frog (20)]
 19424 | Lair:7   | XOM: noise
 19429 | Lair:7   | XOM: chaos cloud
 19444 | Lair:7   | XOM: chaos cloud
 19629 | Lair:7   | XOM: 1-stop teleportation journey
 19630 | Lair:7   | XOM: 1-stop teleportation journey
 19658 | Lair:7   | Found a staircase to the Slime Pits.
 19750 | Lair:7   | XOM: confusion (+ monsters)
 19773 | Lair:7   | XOM: summons 3 hostile shadow creatures
 19784 | Lair:7   | XOM: blink monster(s)
 19794 | Lair:7   | XOM: blink monster(s)
 19821 | Lair:7   | XOM: noise
 19827 | Lair:7   | Reached skill level 3 in Necromancy
 19848 | Lair:7   | Reached skill level 8 in Evocations
 19911 | Lair:8   | Entered Level 8 of the Lair of Beasts
 20031 | Lair:8   | XOM: confusion (+ monsters)
 20096 | Lair:8   | XOM: give mutations
 20096 | Lair:8   | Gained mutation: You expend magic power (3 MP) to slightly strengthen your wands. [Xom's mischief]
 20165 | Lair:8   | XOM: confusion
 20170 | Lair:8   | XOM: chaos cloud
 20172 | Lair:8   | thanks Qz
 20172 | Lair:8   | XOM: confusion (+ monsters)
 20176 | Lair:8   | XOM: destruction
 20190 | Lair:8   | XOM: mild Ice miscast
 20199 | Lair:8   | XOM: enchant monster (bad)
 20307 | Lair:8   | XOM: swap monsters
 20326 | Lair:8   | Noticed an azure jelly
 20326 | Lair:8   | a death yak changed into an azure jelly
 20326 | Lair:8   | XOM: polymorph death yak -> azure jelly
 20331 | Lair:8   | Noticed an acid blob
 20332 | Lair:8   | uhh
 20444 | Lair:8   | XOM: silly message
 20524 | Lair:8   | XOM: give mutations
 20524 | Lair:8   | Lost mutation: You expend magic power (3 MP) to slightly strengthen your wands. [Xom's mischief]
 20524 | Lair:8   | Gained mutation: Armour fits poorly on your strangely shaped body. [Xom's mischief]
 20569 | Lair:7   | XOM: harmless Tloc miscast
 20690 | Lair:2   | XOM: medium Necr miscast
 20884 | D:11     | XOM: enchant monster (bad)
 20911 | Orc:1    | Entered Level 1 of the Orcish Mines
 21215 | Orc:3    | Found a roughly hewn altar of Beogh.
 21263 | Orc:3    | XOM: mild Conj miscast
 21550 | Orc:3    | XOM: noise
 21920 | Orc:3    | XOM: chaos upgrade
 21924 | Orc:3    | Reached skill level 14 in Polearms
 21944 | Orc:3    | XOM: enchant monster (bad)
 21986 | Orc:3    | XOM: harmless Air miscast
 22067 | Orc:3    | Noticed an orc warlord
 22074 | Orc:3    | XOM: enchant monster (bad)
 22075 | Orc:3    | xom you
 22116 | Orc:4    | Entered Level 4 of the Orcish Mines
 22133 | Orc:4    | Noticed an orc warlord
 22165 | Orc:3    | XOM: give mutations
 22165 | Orc:3    | Lost mutation: You can translocate small distances at will. [Xom's mischief]
 22165 | Orc:3    | Gained mutation: You have hoof-like feet. [Xom's mischief]
 22165 | Orc:3    | Gained mutation: You are very weak. (Str -4) [Xom's mischief]
 22324 | Orc:4    | XOM: polymorph orc warrior -> wyvern
 22363 | Orc:4    | XOM: blink monster(s)
 22371 | Orc:3    | XOM: summons 5 friendly demons
 22398 | Orc:4    | XOM: enchant monster (good)
 22540 | Orc:4    | XOM: swap monsters
 22547 | Orc:4    | XOM: summons friendly shadow imp
 22623 | Orc:3    | XOM: cast spell 'Dragon Form'
 22742 | Orc:4    | Killed from afar by an orc sorcerer
